 Dungeon Crawl Stone Soup version 0.31.0-11-ge490571c62 (webtiles) character file.

Game seed: 890213739467303565

60 qw the Shooter (level 3, 0/18 HPs)
             Began as a Spriggan Hunter on Feb 4, 2024.
             Slain by Sigmund
             ... wielding a +0 scythe
              (6 damage)
             ... on level 3 of the Dungeon.
             The game lasted 00:00:06 (1800 turns).

qw the Shooter (Spriggan Hunter)                    Turns: 1800, Time: 00:00:06

Health: 0/18       AC:  3    Str:  7    XL:     3   Next: 82%
Magic:  4/4        EV: 19    Int: 10    God:
Gold:   99         SH:  0    Dex: 20    Spells: 2/2 levels left

rFire   . . .        a - +0 shortbow
rCold   . . .        (shield currently unavailable)
rNeg    . . .        c - +0 robe
rPois   .            (helmet restricted)
rElec   .            j - +0 cloak
rCorr   .            (gloves unavailable)
SInv    +            (boots unavailable)
Will    +....        (no amulet)
Stlth   ++           b - ring of willpower
HPRegen 0.23/turn    (no ring)
MPRegen 0.09/turn

%: no passive effects
@: very quick
A: very small, no large weapons, unfitting armour, see invisible, speed 3
a: no special abilities


You were on level 3 of the Dungeon.
You visited 1 branch of the dungeon, and saw 3 of its levels.

You collected 99 gold pieces.


Innate Abilities, Weirdness & Mutations

You are very small and have problems with some larger weapons.
You are too small for most types of armour.
You have supernaturally acute eyesight. (SInv)
You cover ground extremely quickly. (Speed+++)


   Skills:
 - Level 1.5 Fighting
 - Level 5.0 Ranged Weapons
 + Level 4.0 Dodging
 - Level 1.5 Stealth


You had 2 spell levels left.
You didn't know any spells.
Your spell library was empty.

Inventory:

Hand Weapons
 a - a +0 shortbow (weapon)
Armour
 c - a +0 robe (worn)
 j - a +0 cloak (worn)
Jewellery
 b - a ring of willpower (left hand)
Potions
 d - a potion of curing {unknown}
 e - a potion of invisibility {unknown}
 h - a potion of heal wounds {unknown}
 k - a potion of enlightenment {unknown}

Dungeon Overview and Level Annotations

Branches:
Dungeon (3/15)

Altars:

Shops:
D:1 *   D:2 [

Annotations:
D:1 1 runed translucent door
D:3 Sigmund


Message History

Sigmund casts a spell at you. The puff of flame hits you.
1773 ||| FLEEEEING.
1774 ||| FLEEEEING.
1775 ||| FLEEEEING.
1776 ||| FLEEEEING.
You start resting.
Sigmund is nearby!
1778 ||| FLEEEEING.
Sigmund breathes a few words.
Sigmund's hands start flickering wildly.
Sigmund mumbles some strange words.
Sigmund flickers and vanishes for a moment.
1779 ||| FLEEEEING.
1780 ||| FLEEEEING.
1781 ||| FLEEEEING.
1782 ||| FLEEEEING.
You start resting.
Sigmund is nearby!
1784 ||| FLEEEEING.
1785 ||| FLEEEEING.
You start resting.
Sigmund is nearby!
1787 ||| FLEEEEING.
1788 ||| FLEEEEING.
1789 ||| FLEEEEING.
You start resting.
Sigmund is nearby!
1791 ||| FLEEEEING.
1792 ||| FLEEEEING.
You start resting.
Sigmund is nearby!
1794 ||| FLEEEEING.
You start resting.
Sigmund is nearby!
You shoot an arrow. The arrow hits Sigmund.
Sigmund is lightly wounded.
Sigmund hits you from afar with a +0 scythe.
You die...
Sigmund begins carving another notch in his scythe.

.#.....# ##.....#
#.....# ##.....###
.........#
.%.......#########
....<....@.....@.#
##..############.#
##...# ##@###
###.# #....# .#
#....# .
#....####### .#
#...<....... #
#...%#######
#....# ......#
........#


You could see Sigmund (invisible).

Vanquished Creatures
  3 adders (D:2)
  2 ribbon worms (D:2)
  6 endoplasms
  4 goblins
  A hobgoblin (D:1)
  2 kobolds (D:1)
  2 quokkas
  2 ball pythons
  2 bats
  2 frilled lizards (D:2)
  5 rats
31 creatures vanquished.

Notes
Turn   | Place    | Note
-------+----------+-------------------------------------------
     0 | D:1      | qw the Spriggan Hunter began the quest for the Orb.
     0 | D:1      | Reached XP level 1. HP: 10/10 MP: 2/2
     0 | D:1      | 0 ||| qw: Version: 0.3-a-160-g6735b56
     0 | D:1      | 0 ||| qw: Game counter: 5490
     0 | D:1      | 0 ||| qw: Melee chars always use a shield: true
     0 | D:1      | 0 ||| qw: God list: Okawaru
     0 | D:1      | 0 ||| qw: Allow faded altars: false
     0 | D:1      | 0 ||| qw: Do Orc after clearing Dungeon:15 true
     0 | D:1      | 0 ||| qw: Do second Lair branch before Depths: true
     0 | D:1      | 0 ||| qw: Lair rune preference: random
     0 | D:1      | 0 ||| qw: Goals: Normal
     0 | D:1      | 0 ||| PLANNING D:1-11
     1 | D:1      | Found a runed translucent door.
    89 | D:1      | Found Unukli's General Store.
    94 | D:1      | 94 ||| SHOPLISTING potion of might (52 gold, have 16).
   146 | D:1      | Reached skill level 3 in Dodging
   377 | D:1      | Reached XP level 2. HP: 10/14 MP: 3/3
   881 | D:1      | 881 ||| UPGRADING to +0 cloak.
   886 | D:1      | 886 ||| READING scroll labelled GUITESEEPN.
   987 | D:1      | 987 ||| READING scroll labelled ILIDGH UFIRA.
   988 | D:1      | 988 ||| READING scroll labelled GYTHAI VECZE.
   988 | D:1      | 988 ||| IDENTIFYING bubbling ruby potion
   989 | D:1      | 989 ||| READING scroll labelled VOS WOEMNOHAOJ.
  1013 | D:1      | 1013 ||| READING 2 scrolls labelled OJAYDA CIENUFANN.
  1014 | D:1      | 1014 ||| DROPPING scroll of butterflies.
  1015 | D:1      | 1015 ||| DROPPING potion of magic.
  1016 | D:1      | 1016 ||| DROPPING scroll of immolation.
  1162 | D:2      | Found Kinages's Antique Armour Shoppe.
  1187 | D:2      | Reached XP level 3. HP: 13/18 MP: 4/4
  1671 | D:2      | 1671 ||| UPGRADING to ring of willpower.
  1672 | D:2      | 1672 ||| READING scroll labelled HAWUL EREEHETZ.
  1719 | D:3      | Reached skill level 5 in Ranged Weapons
  1753 | D:3      | Noticed Sigmund
  1756 | D:3      | 1756 ||| FLEEEEING.
  1758 | D:3      | 1758 ||| FLEEEEING.
  1759 | D:3      | 1759 ||| FLEEEEING.
  1760 | D:3      | 1760 ||| FLEEEEING.
  1761 | D:3      | 1761 ||| FLEEEEING.
  1763 | D:3      | 1763 ||| FLEEEEING.
  1764 | D:3      | 1764 ||| FLEEEEING.
  1768 | D:3      | 1768 ||| FLEEEEING.
  1769 | D:3      | 1769 ||| FLEEEEING.
  1770 | D:3      | 1770 ||| FLEEEEING.
  1772 | D:3      | 1772 ||| FLEEEEING.
  1772 | D:3      | HP: 2/18 [Sigmund/puff of flame (6)]
  1773 | D:3      | 1773 ||| FLEEEEING.
  1774 | D:3      | 1774 ||| FLEEEEING.
  1775 | D:3      | 1775 ||| FLEEEEING.
  1776 | D:3      | 1776 ||| FLEEEEING.
  1778 | D:3      | 1778 ||| FLEEEEING.
  1779 | D:3      | 1779 ||| FLEEEEING.
  1780 | D:3      | 1780 ||| FLEEEEING.
  1781 | D:3      | 1781 ||| FLEEEEING.
  1782 | D:3      | 1782 ||| FLEEEEING.
  1784 | D:3      | 1784 ||| FLEEEEING.
  1785 | D:3      | 1785 ||| FLEEEEING.
  1787 | D:3      | 1787 ||| FLEEEEING.
  1788 | D:3      | 1788 ||| FLEEEEING.
  1789 | D:3      | 1789 ||| FLEEEEING.
  1791 | D:3      | 1791 ||| FLEEEEING.
  1792 | D:3      | 1792 ||| FLEEEEING.
  1794 | D:3      | 1794 ||| FLEEEEING.
  1800 | D:3      | Slain by Sigmund

Levels and vault maps discovered:
D:1:      dpeg_arrival_caged_fury, layout_basic, serial_shops,
          nicolae_shop_just_a_little_nook, serial_glass, glass_columns_a,
          glass_columns_c
D:2:      layout_loops_cross, serial_shops, shop, hex_tiny, minmay_pentomino_p4
D:3:      layout_basic, nicolae_ashenzari_skybound,
          chequers_ecumenical_altar_simple, uniq_sigmund

Skill      XL: |  1  2  3 |
---------------+----------+-----
Dodging        | 3 4 |  4.0
Ranged Weapons | 5 |  5.0
Fighting       | |  1.5
Stealth        | |  1.5

Action                     || total
---------------------------++-------
   Fire: Shortbow          ||    98
    Use: Scroll            ||     6
 Armour: Robe              ||    11
  Dodge: Dodged            ||    30

Table legend:
 A = Non-vault XP
 B = Vault XP
 C = Vault XP percentage of total XP
 D = Non-vault monster count
 E = Vault monster count
 F = Vault count percentage of total count
                 A         B        C        D         E       F
            +---------+---------+-------+---------+---------+-------
      Total |      83 |       4 |   4.6 |      29 |       2 |   6.5
            +---------+---------+-------+---------+---------+-------
        D:1 |      15 |       0 |   0.0 |      10 |       0 |   0.0
        D:2 |      64 |       4 |   5.9 |      16 |       2 |  11.1
        D:3 |       4 |       0 |   0.0 |       3 |       0 |   0.0
            +---------+---------+-------+---------+---------+-------
